 Dungeon Crawl Stone Soup version 0.18-a0-1797-gc18daef (webtiles) character file.

26 esc the Conjurer (level 2, 14/19 HPs)
             Began as a Mummy Conjurer on Apr 13, 2016.
             Quit the game on level 2 of the Dungeon on Apr 22, 2016.
             The game lasted 08:47:23 (1247 turns).

esc the Conjurer (Mummy Conjurer)                   Turns: 1247, Time: 08:47:24

Health: 14/19      AC:  3    Str: 11    XL:     2   Next: 89%
Magic:  2/5        EV: 12    Int: 14    God:
Gold:   92         SH:  0    Dex: 12    Spells: 1 memorised, 4 levels left

rFire  x . .     SeeInvis .     d - +0 dagger
rCold  + . .     Gourm    .     a - +1 robe
rNeg   + + +     Faith    .     (no shield)
rPois  ∞         Spirit   .     (no helmet)
rElec  .         Dismiss  .     (no cloak)
rCorr  .         Reflect  .     (no gloves)
SustAt .         Harm     .     (no boots)
MR     .....                    (no amulet)
Stlth  ++........               (no ring)
                                h - ring of wizardry {Wiz+, !d}

@: not resistant to hostile enchantments, unstealthy
A: no food or potions, fire vulnerability, cold resistance 1, negative energy
resistance 3, torment resistance, unbreathing
a: no special abilities


You were on level 2 of the Dungeon.
You were not hungry.

You visited 1 branch of the dungeon, and saw 2 of its levels.

You collected 92 gold pieces.

Inventory:

Hand Weapons
 d - a +0 dagger (weapon)
   (You found it on level 1 of the Dungeon)
Missiles
 i - 59 stones (quivered)
Armour
 a - a +1 robe (worn)
Jewellery
 h - a ring of wizardry (left hand) {Wiz+, !d}
   (You found it on level 1 of the Dungeon)
Scrolls
 f - a scroll of teleportation
Books
 b - a book of Conjurations


   Skills:
 + Level 1.9 Dodging
 - Level 1.9 Stealth
 + Level 2.2 Spellcasting
 + Level 3.6 Conjurations


You had 4 spell levels left.
You knew the following spells:

 Your Spells              Type           Power        Failure   Level  Hunger
a - Magic Dart            Conj           ##..         2%          1    N/A

Dungeon Overview and Level Annotations

Branches:
Dungeon (2/15)

Altars:


Innate Abilities, Weirdness & Mutations

You do not eat or drink.
Your flesh is vulnerable to fire.
You are immune to poison.
Your flesh is cold resistant.
You are immune to negative energy.
You are immune to unholy pain and torment.
You can survive without breathing.


Message History

c - a scroll labeled SUCWIEZAO
f - a scroll of teleportation You now have 92 gold pieces (gained 18).
A kobold comes into view.
You see here 24 stones.
Unknown command.
i - 32 stones (gained 24)
The kobold shouts!
The kobold throws a stone.
The stone hits you.
You see here a stone.
You take 2 damage, and have 17/19 hp.
Aim: a kobold The magic dart hits the kobold.
You now have 4/5 mp.
Aim: a kobold (moderately wounded)
The magic dart hits the kobold.
You kill the kobold!
You now have 3/5 mp.
i - 33 stones (gained 1)
A rat comes into view.
You see here a scroll labeled FATAKH CITYSH.
j - a scroll labeled FATAKH CITYSH
Aim: a rat (hasn't noticed you)
The magic dart hits the rat.
You now have 3/5 mp.
Aim: a rat (heavily wounded)
The magic dart hits the rat.
You kill the rat!
You now have 2/5 mp.
Read which item? (? for menu, Esc to quit)
As you read the scroll labeled FATAKH CITYSH, it crumbles to dust.
It is a scroll of enchant armour.
Enchant which item? (? for menu, Esc to quit)
Your +0 robe glows green for a moment.
Read which item? (? for menu, Esc to quit)
As you read the scroll labeled SUCWIEZAO, it crumbles to dust.
It is a scroll of identify.
Identify which item? (\ to view known items) (? for menu, Esc to quit)
e - a +0 dagger Drop what? 8/52 slots (_ for help) (? for menu, Esc to quit)
You drop a +0 dagger.
You drop a club.
A hobgoblin comes into view.
The hobgoblin shouts!
A hobgoblin comes into view. It is wielding a club.
The hobgoblin misses you.
You see here a sedimented white potion.
The hobgoblin shouts!
You hit the hobgoblin but do no damage. The hobgoblin hits you.
You take 3 damage, and have 15/19 hp.
You barely miss the hobgoblin.
The hobgoblin hits you but does no damage.
Aim: a hobgoblin The magic dart hits the hobgoblin.
The hobgoblin hits you with a club. The hobgoblin hits you.
A kobold comes into view.
You take 4 damage, and have 11/19 hp.
MASSIVE DAMAGE!!
You now have 2/5 mp.
Aim: a hobgoblin (almost dead)
The magic dart hits the hobgoblin.
The hobgoblin hits you but does no damage.
You now have 2/5 mp.
Aim: a hobgoblin (almost dead)
The magic dart hits the hobgoblin.
The hobgoblin hits you but does no damage.
You now have 1/5 mp.
Aim: a hobgoblin (almost dead)
The magic dart hits the hobgoblin.
You kill the hobgoblin!
You now have 0/5 mp.
You completely miss the hobgoblin. The hobgoblin barely misses you.
You hit the hobgoblin.
You kill the hobgoblin!
Things that are here:
a club; a hobgoblin corpse You see here 26 stones.
A kobold is nearby!
i - 59 stones (gained 26)
You don't have enough magic to cast that spell.
Saving game... please wait.
Welcome back, esc the Mummy Conjurer.
Found a stone staircase leading down.
A bat comes into view.
There is a stone staircase leading down here.
Aim: a bat (resting)
The magic dart hits the bat.
You now have 2/5 mp.
Aim: a bat (severely wounded)
The magic dart hits the bat.
You kill the bat!
You now have 1/5 mp.
An adder comes into view.
You see here a spear.
c - a spear You drop a spear.
Saving game... please wait.
Welcome back, esc the Mummy Conjurer.
Saving game... please wait.
Welcome back, esc the Mummy Conjurer.

#..S#>..................
###...#.#.#...#.####.####
........#.#...#.# #.#
###...#.#.#...#)# #.#
#...#.#.#...#.####.# #..
#.#.#...!......# #..
#)#.#..........#
##...#.#.#..........#####
.........@................
###...#####...#K##...#####
#.... ##..............
#.## ............#### #
##........).# # .........#
# ##.....#.####
.............
##...........


You could see a kobold (wandering).

Vanquished Creatures
  2 dart slugs
  5 bats
  3 goblins (D:1)
  4 hobgoblins
  4 kobolds
  A giant newt (D:1)
  3 rats
22 creatures vanquished.

Notes
Turn   | Place    | Note
--------------------------------------------------------------
     0 | D:1      | esc the Mummy Conjurer began the quest for the Orb.
     0 | D:1      | Reached XP level 1. HP: 13/13 MP: 3/3
    48 | D:1      | Upgraded the game from 0.18-a0-1764-gf4ddf0b to 0.18-a0-1773-gec4f98e
    66 | D:1      | Upgraded the game from 0.18-a0-1773-gec4f98e to 0.18-a0-1782-gb76a692
    98 | D:1      | Upgraded the game from 0.18-a0-1782-gb76a692 to 0.18-a0-1788-g92de1ac
   382 | D:1      | Reached XP level 2. HP: 19/19 MP: 0/5
   608 | D:1      | Upgraded the game from 0.18-a0-1788-g92de1ac to 0.18-a0-1789-gbeff17f
  1208 | D:2      | Upgraded the game from 0.18-a0-1789-gbeff17f to 0.18-a0-1797-gc18daef
  1247 | D:2      | Quit the game

Vault maps used:
D:1:      sevenhm_arrival_forest_fort_large_4

Action                   || total
-------------------------++-------
Melee: Unarmed           ||     7
       Dagger            ||    42
Throw: Stone             ||     2
 Cast: Magic Dart        ||    26
  Use: Scroll            ||     5
Armor: Robe              ||     2
       Robe              ||    15
Dodge: Dodged            ||     6
       Dodged            ||    41

Vault maps used:
D:1:      sevenhm_arrival_forest_fort_large_4

Table legend:
 A = Turns spent in this place as a percentage of turns spent in the entire game.
 B = Non-inter-level travel turns spent in this place as a percentage of non-inter-level travel turns spent in the entire game.
 C = Inter-level travel turns spent in this place as a percentage of turns spent in this place.
 D = Turns resting spent in this place as a percentage of non-inter-level travel turns spent in this place.
 E = Turns spent auto-exploring this place as a percentage of non-inter-level travel turns spent in this place.
 F = Non-inter-level travel turns spent in this place divided by the number of levels of this place that you've seen.
                   A       B       C       D       E      F
               +-------+-------+-------+-------+-------+----------------------
         Total | 100.0 | 100.0 |   0.0 |   2.4 |   5.1 | 247.5
       Dungeon | 100.0 | 100.0 |   0.0 |   2.4 |   5.1 | 247.5
               +-------+-------+-------+-------+-------+----------------------

Table legend:
 A = Kills in this place as a percentage of kills in entire the game.
 B = Kills by you in this place as a percentage of kills by you in the entire game.
 C = Kills by friends in this place as a percentage of kills by friends in the entire game.
 D = Other kills in this place as a percentage of other kills in the entire game.
 E = Experience gained in this place as a percentage of experience gained in the entire game.
 F = Experience gained in this place divided by the number of levels of this place that you have seen.
                   A       B       C       D       E      F
               +-------+-------+-------+-------+-------+----------------------
         Total | 100.0 | 100.0 |  -nan |  -nan | 100.0 |  19.0
       Dungeon | 100.0 | 100.0 |  -nan |  -nan | 100.0 |  19.0
               +-------+-------+-------+-------+-------+----------------------
